General information
- name: BNet
- type: Ladder team game (AT/RT)
- host: Battle.net
- saver: Flashbang_Omnix
map: FullScaleAssault
- players: 8
- length: 17:35
- speed: Fast
- version: 1.26 W3XP
- replay type: Public
» download(108 KB)
Players
team 1 (loser)
Carolina. (
pink | 24 APM | 414 actions | 17:35)
3 Tauren Chieftain
2 War Stomp
1 Endurance Aura
» actions
| Build / train | 35 | |
| Enter build submenu | 23 | |
| Enter hero's abilities submenu | 3 | |
| Remove unit from queue | 1 | |
| Right click | 187 | |
| Select / deselect | 140 | |
| Use ability | 25 | |
414 total
» units
| Peon | 11 | |
| Grunt | 3 | |
| Wind Rider | 4 | |
| Shaman | 1 | |
19 total
» upgrades
| Shaman Training | 2 | |
| Melee Weapons | 0 | |
| Armor | 1 | |
| Ranged Weapons | 3 | |
| Envenomed Spears | 1 | |
7 total
» buildings
| Orc Burrow | 7 | |
| Altar of Storms | 1 | |
| War Mill | 1 | |
| Barracks | 1 | |
| Voodoo Lounge | 1 | |
| Stronghold | 1 | |
| Fortress | 1 | |
| Spirit Lodge | 1 | |
| Beastiary | 2 | |
| Great Hall | 1 | |
17 total
» build order
00:14 Orc Burrow
00:17 Altar of Storms
01:29 War Mill
02:47 Barracks
03:48 Voodoo Lounge
04:10 Orc Burrow
04:33 Stronghold
06:52 Orc Burrow
06:56 Fortress
07:21 Spirit Lodge
07:30 Orc Burrow
08:56 Orc Burrow
08:59 Orc Burrow
09:01 Orc Burrow
09:33 Beastiary
10:47 Beastiary
13:45 Great Hall
» items
| Potion of Healing | 1 | |
| Healing Salve | 1 | |
2 total
Mahney (
green | 41 APM | 728 actions | 17:35)
3 Mountain King
2 Storm Bolt
1 Bash
2 Archmage
1 Blizzard
1 Brilliance Aura
» actions
| Assign group hotkey | 13 | |
| Build / train | 66 | |
| Enter build submenu | 36 | |
| Enter hero's abilities submenu | 5 | |
| Give item / drop item | 3 | |
| Right click | 144 | |
| Select / deselect | 183 | |
| Select group hotkey | 220 | |
| Use ability | 58 | |
728 total
» units
| Peasant | 8 | |
| Footman | 6 | |
| Goblin Shredder | 1 | |
| Gryphon Rider | 5 | |
| Knight | 1 | |
| Priest | 2 | |
23 total
» upgrades
| Swords | 3 | |
| Plating | 2 | |
| Masonry | 3 | |
| Armor | 2 | |
| Magic Sentry | 1 | |
| Animal War Training | 1 | |
| Priest Training | 2 | |
14 total
» buildings
| Altar of Kings | 1 | |
| Farm | 12 | |
| Barracks | 1 | |
| Lumber Mill | 1 | |
| Scout Tower | 11 | |
| Arcane Tower | 3 | |
| Arcane Vault | 1 | |
| Keep | 1 | |
| Blacksmith | 1 | |
| Town Hall | 2 | |
| Guard Tower | 7 | |
| Gryphon Aviary | 2 | |
| Castle | 1 | |
| Arcane Sanctum | 1 | |
45 total
» build order
00:13 Altar of Kings
00:23 Farm
00:38 Barracks
00:55 Lumber Mill
01:16 Farm
01:54 Scout Tower
02:20 Farm
02:23 Arcane Tower
03:02 Farm
03:46 Scout Tower
04:16 Arcane Tower
04:22 Arcane Vault
05:13 Keep
05:58 Blacksmith
06:05 Town Hall
06:58 Town Hall
07:24 Scout Tower
07:28 Scout Tower
07:39 Farm
07:50 Scout Tower
07:53 Guard Tower
07:56 Scout Tower
07:57 Arcane Tower
08:01 Scout Tower
08:20 Guard Tower
08:25 Guard Tower
08:28 Guard Tower
09:18 Farm
09:43 Gryphon Aviary
09:48 Gryphon Aviary
10:02 Castle
10:05 Scout Tower
10:34 Guard Tower
10:38 Scout Tower
10:47 Arcane Sanctum
11:09 Guard Tower
11:13 Farm
11:53 Farm
13:06 Scout Tower
13:35 Farm
13:36 Guard Tower
14:22 Farm
14:58 Farm
15:43 Farm
16:23 Scout Tower
» items
| Lesser Clarity Potion | 2 | |
| Scroll of Regeneration | 2 | |
| Boots of Speed | 2 | |
| Potion of Lesser Invulnerability | 2 | |
| Orb of Fire | 1 | |
| Periapt of Vitality | 1 | |
10 total
TRIPLE_AGE (
blue | 51 APM | 898 actions | 17:35)
4 Demon Hunter
1 Immolation
1 Evasion
2 Mana Burn
3 Keeper of the Grove
1 Force of Nature
2 Entangling Roots
» actions
| Assign group hotkey | 30 | |
| Build / train | 137 | |
| Enter build submenu | 20 | |
| Enter hero's abilities submenu | 7 | |
| Give item / drop item | 9 | |
| Remove unit from queue | 3 | |
| Right click | 254 | |
| Select / deselect | 238 | |
| Select group hotkey | 94 | |
| Use ability | 106 | |
898 total
» units
| Wisp | 51 | |
| Archer | 9 | |
| Goblin Zeppelin | 4 | |
| Chimaera | 12 | |
| Hippogryph | 18 | |
| Goblin Shredder | 2 | |
96 total
» upgrades
| Reinforced Hides | 3 | |
| Strength of the Wild | 2 | |
| Corrosive Breath | 1 | |
| Hippogryph Taming | 1 | |
| Well Spring | 1 | |
| Ultravision | 1 | |
9 total
» buildings
| Moon Well | 12 | |
| Altar of Elders | 1 | |
| Ancient of War | 1 | |
| Ancient of Wonders | 1 | |
| Tree of Ages | 2 | |
| Hunter's Hall | 2 | |
| Tree of Eternity | 2 | |
| Ancient of Wind | 2 | |
| Tree of Life | 2 | |
| Chimaera Roost | 6 | |
| Ancient Protector | 3 | |
34 total
» build order
00:07 Moon Well
00:10 Altar of Elders
00:12 Ancient of War
01:36 Moon Well
01:37 Moon Well
01:54 Ancient of Wonders
03:15 Tree of Ages
03:15 Tree of Ages
04:39 Hunter's Hall
05:33 Hunter's Hall
05:38 Tree of Eternity
05:38 Tree of Eternity
07:03 Ancient of Wind
07:50 Tree of Life
08:12 Chimaera Roost
08:13 Chimaera Roost
08:14 Chimaera Roost
08:18 Chimaera Roost
08:51 Chimaera Roost
09:04 Moon Well
09:05 Moon Well
09:06 Moon Well
09:07 Moon Well
09:08 Moon Well
09:10 Moon Well
10:45 Tree of Life
11:14 Chimaera Roost
11:22 Moon Well
11:23 Moon Well
11:24 Moon Well
13:48 Ancient of Wind
15:54 Ancient Protector
16:05 Ancient Protector
16:09 Ancient Protector
» items
| Lesser Clarity Potion | 1 | |
| Dust of Appearance | 1 | |
| Potion of Healing | 5 | |
| Orb of Corruption | 1 | |
8 total
Flashbang_Omnix (
orange | 67 APM | 1179 actions | 17:35)
2 Death Knight
1 Unholy Aura
1 Death Coil
1 Dreadlord
1 Vampiric Aura
» actions
| Basic commands | 44 | |
| Build / train | 41 | |
| ESC pressed | 3 | |
| Enter build submenu | 12 | |
| Enter hero's abilities submenu | 3 | |
| Give item / drop item | 1 | |
| Right click | 854 | |
| Select / deselect | 183 | |
| Use ability | 38 | |
1179 total
» units
| Acolyte | 5 | |
| Ghoul | 12 | |
| Abomination | 4 | |
21 total
» upgrades
| Cannibalize | 1 | |
| Unholy Strength | 3 | |
| Unholy Armor | 3 | |
| Disease Cloud | 1 | |
| Ghoul Frenzy | 1 | |
9 total
» buildings
| Ziggurat | 4 | |
| Crypt | 2 | |
| Altar of Darkness | 1 | |
| Graveyard | 1 | |
| Nerubian Tower | 1 | |
| Tomb of Relics | 1 | |
| Halls of the Dead | 1 | |
| Black Citadel | 1 | |
| Slaughterhouse | 2 | |
14 total
» build order
00:28 Ziggurat
00:38 Crypt
00:42 Altar of Darkness
01:11 Crypt
01:35 Ziggurat
01:41 Graveyard
04:07 Nerubian Tower
04:43 Ziggurat
04:53 Tomb of Relics
05:59 Halls of the Dead
07:01 Ziggurat
08:51 Black Citadel
09:01 Slaughterhouse
09:03 Slaughterhouse
» items
team 2 (winner)
BRUCEALMIGHTY (
yellow | 32 APM | 556 actions | 17:35)
3 Blademaster
2 Wind Walk
1 Critical Strike
2 Tauren Chieftain
2 War Stomp
» actions
| Assign group hotkey | 2 | |
| Build / train | 70 | |
| Enter build submenu | 12 | |
| Enter hero's abilities submenu | 5 | |
| Right click | 223 | |
| Select / deselect | 154 | |
| Select group hotkey | 27 | |
| Use ability | 63 | |
556 total
» units
| Peon | 30 | |
| Goblin Shredder | 1 | |
| Goblin Zeppelin | 1 | |
| Tauren | 1 | |
| Shaman | 3 | |
| Troll Witch Doctor | 3 | |
39 total
» upgrades
| Shaman Training | 2 | |
| Witch Doctor Training | 2 | |
| Reinforced Defenses | 1 | |
| Melee Weapons | 2 | |
| Armor | 2 | |
| Pulverize | 1 | |
10 total
» buildings
| Altar of Storms | 1 | |
| Orc Burrow | 5 | |
| Voodoo Lounge | 1 | |
| War Mill | 1 | |
| Stronghold | 1 | |
| Fortress | 2 | |
| Spirit Lodge | 2 | |
| Great Hall | 1 | |
| Tauren Totem | 2 | |
| Watch Tower | 4 | |
20 total
» build order
00:13 Altar of Storms
00:18 Orc Burrow
00:42 Voodoo Lounge
01:37 Orc Burrow
02:41 War Mill
03:05 Orc Burrow
04:06 Stronghold
07:11 Fortress
07:12 Fortress
07:16 Spirit Lodge
07:19 Spirit Lodge
09:49 Great Hall
11:25 Tauren Totem
11:26 Tauren Totem
14:42 Orc Burrow
14:43 Orc Burrow
14:48 Watch Tower
14:50 Watch Tower
14:51 Watch Tower
14:52 Watch Tower
» items
| Healing Salve | 2 | |
| Lesser Clarity Potion | 4 | |
| Scroll of Speed | 2 | |
| Tiny Great Hall | 1 | |
| Orb of Lightning | 1 | |
10 total
Gabriel26 (
purple | 49 APM | 869 actions | 17:35)
4 Mountain King
2 Storm Bolt
2 Bash
» actions
| Basic commands | 15 | |
| Build / train | 84 | |
| ESC pressed | 1 | |
| Enter build submenu | 44 | |
| Enter hero's abilities submenu | 4 | |
| Give item / drop item | 1 | |
| Remove unit from queue | 3 | |
| Right click | 308 | |
| Select / deselect | 344 | |
| Use ability | 62 | |
869 total
» units
| Peasant | 18 | |
| Mortar Team | 11 | |
| Flying Machine | 19 | |
| Goblin Shredder | 1 | |
49 total
» upgrades
| Masonry | 3 | |
| Gunpowder | 2 | |
| Lumber Harvesting | 2 | |
| Flare | 1 | |
| Fragmentation Shards | 1 | |
| Flak Cannons | 1 | |
| Plating | 1 | |
11 total
» buildings
| Farm | 13 | |
| Scout Tower | 14 | |
| Arcane Tower | 2 | |
| Lumber Mill | 1 | |
| Guard Tower | 7 | |
| Altar of Kings | 1 | |
| Keep | 1 | |
| Town Hall | 1 | |
| Blacksmith | 1 | |
| Arcane Vault | 1 | |
| Workshop | 6 | |
| Castle | 1 | |
| Cannon Tower | 1 | |
50 total
» build order
01:13 Farm
01:21 Farm
01:24 Farm
01:32 Scout Tower
01:53 Scout Tower
02:06 Scout Tower
02:09 Scout Tower
02:13 Arcane Tower
02:17 Farm
02:33 Lumber Mill
02:42 Arcane Tower
02:44 Farm
02:56 Farm
02:59 Farm
03:17 Guard Tower
03:33 Guard Tower
03:40 Scout Tower
03:45 Scout Tower
03:47 Scout Tower
04:11 Guard Tower
04:14 Scout Tower
04:17 Guard Tower
04:22 Altar of Kings
04:23 Guard Tower
04:38 Scout Tower
04:53 Keep
05:14 Guard Tower
05:17 Farm
05:28 Farm
06:06 Town Hall
06:13 Scout Tower
06:18 Blacksmith
07:01 Guard Tower
07:04 Scout Tower
07:32 Arcane Vault
07:35 Scout Tower
08:42 Scout Tower
08:48 Workshop
08:51 Castle
09:16 Farm
09:59 Cannon Tower
10:03 Farm
10:06 Workshop
11:20 Workshop
11:26 Scout Tower
11:34 Workshop
13:03 Workshop
13:18 Workshop
14:40 Farm
14:43 Farm
» items
| Scroll of Regeneration | 1 | |
| Lesser Clarity Potion | 1 | |
| Periapt of Vitality | 1 | |
| Potion of Lesser Invulnerability | 1 | |
4 total

»
Nickoteh (
red | 48 APM | 846 actions | 17:35)
4 Keeper of the Grove
2 Force of Nature
2 Thorns Aura
2 Priestess of the Moon
1 Searing Arrows
1 Trueshot Aura
» actions
| Assign group hotkey | 33 | |
| Basic commands | 53 | |
| Build / train | 54 | |
| Enter build submenu | 18 | |
| Enter hero's abilities submenu | 7 | |
| Give item / drop item | 1 | |
| Remove unit from queue | 8 | |
| Right click | 310 | |
| Select / deselect | 169 | |
| Select group hotkey | 130 | |
| Use ability | 63 | |
846 total
» units
| Wisp | 20 | |
| Druid of the Claw | 2 | |
| Mountain Giant | 2 | |
24 total
» upgrades
| Strength of the Wild | 3 | |
| Reinforced Hides | 3 | |
| Druid of the Claw Training | 2 | |
| Mark of the Claw | 1 | |
| Resistant Skin | 1 | |
| Hardened Skin | 1 | |
| Well Spring | 1 | |
12 total
» buildings
| Altar of Elders | 1 | |
| Moon Well | 7 | |
| Ancient of Wonders | 1 | |
| Tree of Ages | 1 | |
| Hunter's Hall | 1 | |
| Tree of Eternity | 1 | |
| Ancient of Lore | 2 | |
| Ancient Protector | 4 | |
| Tree of Life | 1 | |
19 total
» build order
00:08 Altar of Elders
00:20 Moon Well
02:18 Ancient of Wonders
02:38 Tree of Ages
02:51 Hunter's Hall
03:42 Moon Well
03:44 Moon Well
05:19 Tree of Eternity
05:27 Ancient of Lore
05:31 Ancient of Lore
06:23 Ancient Protector
06:26 Ancient Protector
06:34 Ancient Protector
06:38 Ancient Protector
12:02 Tree of Life
13:19 Moon Well
14:24 Moon Well
14:26 Moon Well
14:27 Moon Well
braboy (
teal | 28 APM | 500 actions | 17:35)
5 Demon Hunter
2 Immolation
3 Evasion
1 Priestess of the Moon
1 Trueshot Aura
» actions
| Assign group hotkey | 21 | |
| Basic commands | 1 | |
| Build / train | 62 | |
| Enter build submenu | 16 | |
| Enter hero's abilities submenu | 6 | |
| Give item / drop item | 2 | |
| Right click | 134 | |
| Select / deselect | 137 | |
| Select group hotkey | 87 | |
| Use ability | 34 | |
500 total
» units
| Wisp | 19 | |
| Archer | 14 | |
| Hippogryph | 10 | |
43 total
» upgrades
| Improved Bows | 1 | |
| Hippogryph Taming | 1 | |
| Reinforced Hides | 2 | |
| Strength of the Wild | 2 | |
| Moon Armor | 1 | |
| Strength of the Moon | 1 | |
8 total
» buildings
| Moon Well | 5 | |
| Altar of Elders | 1 | |
| Ancient of War | 1 | |
| Hunter's Hall | 1 | |
| Ancient of Wonders | 1 | |
| Ancient Protector | 2 | |
| Tree of Ages | 1 | |
| Ancient of Wind | 2 | |
| Tree of Life | 1 | |
| Tree of Eternity | 1 | |
16 total
» build order
00:30 Moon Well
00:37 Altar of Elders
00:54 Ancient of War
01:37 Hunter's Hall
01:57 Moon Well
03:06 Moon Well
04:03 Ancient of Wonders
04:22 Ancient Protector
05:25 Tree of Ages
05:31 Moon Well
06:31 Moon Well
07:30 Ancient Protector
08:05 Ancient of Wind
08:18 Ancient of Wind
10:40 Tree of Life
15:09 Tree of Eternity
» items
Chat log
(00:07 / Allies) Mahney: foot to gryph
(00:08 / All) Gabriel26: hey mahney
(00:14 / Allies) Flashbang_Omnix: fuck not a tech map
(00:18 / Allies) Flashbang_Omnix: fuck this
(00:21 / Allies) Flashbang_Omnix: im gonna rush it
(00:24 / Allies) Flashbang_Omnix: and suicide for it
(00:28 / Allies) TRIPLE_AGE: HI
(00:33 / Allies) Flashbang_Omnix: unless ya all coming
(00:33 / Allies) Mahney: why
(00:34 / Allies) TRIPLE_AGE: chims hypos
(00:46 / Allies) Flashbang_Omnix: cuz im had it
(00:51 / Allies) Flashbang_Omnix: i just wanna win games fast
(00:54 / Allies) Flashbang_Omnix: and easily
(00:58 / Allies) Flashbang_Omnix: get all aura heroes
(01:03 / Allies) Flashbang_Omnix: and I'll feed for fast expo
(01:10 / Allies) Mahney: then get offline if u wanna fuck around
(01:19 / Allies) Flashbang_Omnix: shut up
(01:23 / Allies) Flashbang_Omnix: i ain't gonna be random
(01:29 / Allies) Flashbang_Omnix: either this
(01:32 / Allies) Flashbang_Omnix: or lose anyways
(01:48 / Allies) Flashbang_Omnix: unless you want me to feed ya
(02:06 / Allies) Carolina.: or u can just stop bitching and actually play
(02:16 / Allies) Flashbang_Omnix: im gonna play
(02:19 / Allies) Flashbang_Omnix: with or without ya
(03:17 / Allies) Flashbang_Omnix: green
(03:26 / All) Gabriel26: did oj just tp?
(03:29 / All) Gabriel26: to hit bottom?
(03:37 / Allies) Flashbang_Omnix: fuck this
(04:51 / Allies) Carolina.: oj dont
(04:53 / Allies) Carolina.: towers there
(04:58 / All) Gabriel26: lol oj
(04:59 / Allies) Carolina.: told u
(05:03 / All) Carolina.: i warned him
(05:03 / All) Gabriel26: i just said ur plan
(05:08 / All) Gabriel26: and u still walk to us
(05:14 / All) Flashbang_Omnix: shut up
(05:20 / All) Gabriel26: get skills
(05:53 / Allies) Flashbang_Omnix: get it
(06:59 / Allies) Flashbang_Omnix: you guys take him
(08:19 / Allies) Flashbang_Omnix: gotta ahte the rally sometimes
(09:09 / Allies) Flashbang_Omnix: abs I guess
(09:21 / Allies) Flashbang_Omnix: this is bullshit
(10:19 / All) Gabriel26: need the lumber guy
(11:52 / All) Flashbang_Omnix: thanks for the items bitch
(11:57 / All) Gabriel26: np
(12:05 / All) Flashbang_Omnix: and purple fuck you
(12:07 / All) Flashbang_Omnix: for your towers
(12:11 / All) Gabriel26: and oj put ac on
(12:11 / All) Flashbang_Omnix: we gonna kill you
(12:14 / All) Flashbang_Omnix: and lose
(12:16 / All) Flashbang_Omnix: you fuck tart
(12:23 / All) Gabriel26: i always beat mahney
(12:34 / All) Flashbang_Omnix: my team sucks ass
(12:35 / Allies) Mahney: lmao
(12:40 / All) Flashbang_Omnix: they only creep and being random
(12:43 / All) Gabriel26: oh already excuses?
(12:56 / All) Carolina.: massing morts rapes mahney?
(13:07 / All) Gabriel26: he wanna mort my towers
(13:14 / All) Gabriel26: while top its cleared
(13:42 / Allies) Flashbang_Omnix: im gonna hit now
(13:46 / Allies) Flashbang_Omnix: like a bastard
(13:55 / Allies) Flashbang_Omnix: ain't gonna stay here forever
(15:02 / All) Flashbang_Omnix: missed
(15:06 / All) Gabriel26: yup lucky
(15:54 / Allies) Flashbang_Omnix: meet
(15:58 / Allies) Flashbang_Omnix: or really kill myself
(16:07 / Allies) Carolina.: kill urself
(16:08 / Allies) Carolina.: idc
(16:13 / Allies) Flashbang_Omnix: fuck you
(16:15 / Allies) Flashbang_Omnix: moron
(16:23 / Allies) Flashbang_Omnix: want to backstabbed?
(16:28 / Allies) Flashbang_Omnix: so stfu
(16:31 / Allies) Flashbang_Omnix: or I'll make you
(16:32 / Allies) Carolina.: do it
(16:33 / Allies) Carolina.: idc
(16:41 / Allies) Carolina.: ur 5 aboms are shit
(17:04 / All) Gabriel26: m,ass grif
(17:05 / All) Gabriel26: nice
(17:09 / All) Gabriel26: mass expo
(17:20 / All) Gabriel26: i love air
(17:24 / All) Flashbang_Omnix: fucker allies
(17:28 / All) Flashbang_Omnix: fuckin did nothing
(17:33 / All) Flashbang_Omnix: fuck this bitches